 Dungeon Crawl Stone Soup version 0.19-a0-1821-g42c593c (webtiles) character file.

143 KarmaPolice the Slasher (level 5, -4/36 HPs)
             Began as a High Elf Skald on Oct 6, 2016.
             Killed from afar by a white imp (5 damage)
             ... with a puff of frost
             ... summoned by Natasha
             ... on level 2 of the Dungeon.
             The game lasted 00:05:41 (3978 turns).

KarmaPolice the Slasher (High Elf Skald)            Turns: 3978, Time: 00:05:42

Health: -4/36      AC:  4    Str: 12    XL:     5   Next: 4%
Magic:  9/9        EV: 12    Int: 16    God:
Gold:   158        SH:  0    Dex: 14    Spells: 2 memorised, 5 levels left

rFire  . . .     SeeInvis .     k - +0 dagger (drain)
rCold  . . .     Gourm    .     b - +0 leather armour
rNeg   . . .     Faith    .     (no shield)
rPois  .         Spirit   .     (no helmet)
rElec  .         Dismiss  .     l - +0 cloak (curse)
rCorr  .         Reflect  .     (no gloves)
MR     .....     Harm     .     (no boots)
Stlth  +.........               (no amulet)
                                (no ring)
                                (no ring)

@: drained
A: no striking features
a: no special abilities


You were on level 2 of the Dungeon.
You were hungry.

You visited 1 branch of the dungeon, and saw 3 of its levels.

You collected 158 gold pieces.

Inventory:

Hand Weapons
 a - a +0 falchion
 k - a +0 dagger of draining (weapon)
Armour
 b - a +0 leather armour (worn)
 l - a cursed +0 cloak (worn)
Jewellery
 e - an uncursed ring of ice
 r - an uncursed ring of resist corrosion {unknown}
Scrolls
 f - a scroll of recharging {unknown}
 g - 2 scrolls of identify {unknown}
 j - 2 scrolls of magic mapping {unknown}
 m - a scroll of fear {unknown}
 p - a scroll of immolation {unknown}
 q - 2 scrolls of noise {unknown}
Potions
 h - a potion of magic {unknown}
 i - 5 potions of lignification {unknown}
 n - a potion of invisibility {unknown}
 o - a potion of curing {unknown}
Books
 c - a book of Battle

   Spells                             Type                      Level
   a - Infusion                       Charms                       1
   b - Shroud of Golubria             Charms/Translocation         2
   c - Song of Slaying                Charms                       2
   d - Spectral Weapon                Hexes/Charms                 3
   e - Regeneration                   Charms/Necromancy            3
Comestibles
 d - 2 bread rations
 s - 3 chunks of flesh


   Skills:
 + Level 3.4(2.8) Fighting
 + Level 3.8(3.3) Long Blades
 - Level 0.8(0.3) Armour
 + Level 3.4(2.9) Dodging
 - Level 2.4(1.9) Spellcasting
 - Level 3.6(3.1) Charms


You had 5 spell levels left.
You knew the following spells:

 Your Spells              Type           Power        Failure   Level  Hunger
a - Infusion              Chrm           ##..         10%         1    #......
b - Shroud of Golubria    Chrm/Tloc      #.........   21%         2    ###....


Dungeon Overview and Level Annotations

Branches:
Dungeon (3/15)

Altars:

Annotations:
D:2 Natasha


Message History

You hit Natasha but do no damage.
Natasha is severely wounded.
Natasha barely misses you. The kobold hits you.
You barely miss Natasha.
Natasha is severely wounded.
Natasha stares at you and mumbles some strange words.
The magic dart hits you!
* * * LOW HITPOINT WARNING * * *
The kobold hits you but does no damage.
You barely miss Natasha.
Natasha is severely wounded.
The white imp gestures at you. The puff of frost hits you!
* * * LOW HITPOINT WARNING * * *
Natasha misses you. The kobold hits you but does no damage.
You hit Natasha.
Natasha is severely wounded.
The white imp gestures at you. The puff of frost hits you!
You die...

.# #.# #.# ##...## #.##.# .#
#.#####.# ##'## #..... .#
#.......########.#########.#
.# #######.#..............#
#.# .# #.#.##...#.#####.#
#.# .# #.#.##......## #.#
#.# .#
#.#..........###.###.# .#
#..(..5......(.......# .#
###.(@K...(.####.##### .#
#.##h..#.......# ##
#...5....####### #
####...#.# # #####.# # #.#
####### # #.#####......
#........#### #########
#..####..####


You could see Natasha, a white imp, a shadow imp and a kobold.

Vanquished Creatures
  Natasha (twice) (D:2)
  4 adders
  An ooze (D:1)
  A dart slug (D:1)
  A leopard gecko (D:1)
  2 orcs
  7 bats
  A giant cockroach (D:2)
  5 goblins
  5 hobgoblins
  4 jackals
  10 kobolds
  A quokka (D:2)
  A frilled lizard (D:1)
  2 rats
47 creatures vanquished.

Notes
Turn   | Place    | Note
-------+----------+-------------------------------------------
     0 | D:1      | KarmaPolice the High Elf Skald began the quest for the Orb.
     0 | D:1      | Reached XP level 1. HP: 14/14 MP: 4/4
   767 | D:1      | Reached XP level 2. HP: 14/20 MP: 6/6
  1543 | D:1      | Reached XP level 3. HP: 20/25 MP: 7/7
  2873 | D:2      | Noticed Natasha
  2883 | D:2      | Killed Natasha
  2883 | D:2      | Reached XP level 4. HP: 25/31 MP: 8/8
  3169 | D:2      | You fall through a shaft!
  3236 | D:2      | Learned a level 2 spell: Shroud of Golubria
  3550 | D:2      | Noticed Natasha
  3567 | D:2      | Killed Natasha
  3567 | D:2      | Reached XP level 5. HP: 23/36 MP: 9/9
  3967 | D:2      | Noticed Natasha
  3977 | D:2      | HP: 1/36 [white imp/puff of frost[Natasha] (8)]
  3978 | D:2      | Killed from afar by a white imp

Vault maps used:
D:1:      minmay_arrival_widening_spiral_wide
D:2:      first_bread, uniq_natasha
D:3:      overflow_temple_1_default, nicolae_qazlal_style_of_elements

Skill      XL: |  1  2  3 |
---------------+----------+-----
Dodging        | 2 3 |  3.4
Long Blades    | 3 |  3.8
Fighting       | 3 |  3.4
Armour         | |  0.8
Spellcasting   | |  2.4
Charms         | |  3.6

Action                   |  1- 3 |  4- 6 || total
-------------------------+-------+-------++-------
Melee: Falchion          |    33 |       ||    33
       Dagger            |   117 |    55 ||   172
 Cast: Infusion          |       |     1 ||     1
  Eat: Chunk             |     5 |     4 ||     9
Armor: Leather armour    |    44 |    23 ||    67
Dodge: Dodged            |    92 |    73 ||   165
       Rpst.: Falchion   |     9 |       ||     9
